Map: Last Fantasy LE

Players

ManlyManMeat - Winner!

  • Race: Protoss Protoss
  • League: Master
  • Spawn Location: 12:00

VOD

Have the link to the VOD?

Description

Time

  • Played on: June 16, 2025, 5:46 a.m.
  • Length: 32:26
Show
View Real Time Build Order
Export as new Build Order

ManlyManMeat Protoss - Winner!

Build Orders:  

Get SALT Encoding   

  1  0:00  Probe (Chrono Boost)  
  12  0:09  Probe (Chrono Boost)  
  14  0:23  Probe (Chrono Boost)  
  15  0:31  Pylon  
  15  0:47  Assimilator  
  15  0:59  Probe (Chrono Boost)  
  16  1:16  Probe (Chrono Boost)  
  17  1:29  Probe (Chrono Boost)  
  18  1:42  Nexus  
  18  1:43  Probe (Chrono Boost)  
  19  1:56  Probe (Chrono Boost)  
  20  2:02  Pylon  
  20  2:12  Probe (Chrono Boost)  
  21  2:29  Probe (Chrono Boost)  
  22  2:38  Gateway  
  22  2:46  Probe (Chrono Boost)  
  23  2:54  Assimilator  
  23  2:58  Probe (Chrono Boost)  
  23  3:09  Probe (Chrono Boost)  
  25  3:23  Probe (Chrono Boost)  
  25  3:27  Nexus  
  26  3:33  Probe (Chrono Boost)  
  27  3:42  Probe (Chrono Boost)  
  28  3:51  Cybernetics Core  
  28  3:54  Probe (Chrono Boost)  
  28  3:59  Probe (Chrono Boost)  
  31  4:11  Probe (Chrono Boost)  
  31  4:15  Probe (Chrono Boost)  
  32  4:27  Probe (Chrono Boost)  
  32  4:28  Probe (Chrono Boost)  
  33  4:38  Probe (Chrono Boost)  
  34  4:40  Assimilator  
  34  4:43  Assimilator  
  34  4:45  Probe (Chrono Boost)  
  36  4:53  Probe (Chrono Boost)  
  36  4:57  Pylon  
  36  4:58  Probe (Chrono Boost)  
  38  5:09  Probe (Chrono Boost)  
  39  5:10  Probe (Chrono Boost)  
  39  5:15  Probe (Chrono Boost)  
  41  5:26  Probe (Chrono Boost)  
  42  5:34  Probe x2 (Chrono Boost)  
  44  5:40  Probe (Chrono Boost)  
  44  5:45  Robotics Facility, Nexus  
  47  5:50  Robotics Facility  
  47  5:51  Probe x2 (Chrono Boost)  
  47  5:55  Probe (Chrono Boost)  
  48  6:08  Probe x2 (Chrono Boost)  
  50  6:14  Pylon  
  50  6:15  Pylon  
  50  6:17  Probe (Chrono Boost)  
  50  6:19  Pylon  
  50  6:22  Pylon  
  50  6:25  Probe (Chrono Boost)  
  52  6:39  Stargate x2  
  52  6:40  Stargate  
  52  6:48  Probe (Chrono Boost)  
  52  6:52  Probe x2 (Chrono Boost)  
  52  6:59  Probe (Chrono Boost)  
  55  7:09  Probe x2 (Chrono Boost)  
  58  7:12  Probe (Chrono Boost)  
  59  7:23  Probe (Chrono Boost)  
  59  7:26  Probe (Chrono Boost)  
  59  7:28  Robotics Bay  
  61  7:33  Probe (Chrono Boost)  
  61  7:34  Probe (Chrono Boost)  
  61  7:37  Probe (Chrono Boost)  
  64  7:43  Probe (Chrono Boost)  
  64  7:46  Probe (Chrono Boost)  
  64  7:48  Pylon, Probe (Chrono Boost)  
  67  7:50  Probe (Chrono Boost)  
  67  7:51  Pylon  
  67  7:52  Pylon  
  67  7:55  Probe (Chrono Boost)  
  67  7:59  Pylon  
  69  8:06  Probe x2 (Chrono Boost)  
  69  8:07  Probe x2 (Chrono Boost)  
  73  8:11  Assimilator  
  73  8:17  Assimilator  
  73  8:18  Probe (Chrono Boost)  
  73  8:20  Pylon, Probe (Chrono Boost)  
  73  8:24  Pylon, Probe x2 (Chrono Boost)  
  73  8:28  Pylon  
  77  8:30  Probe (Chrono Boost)  
  77  8:31  Pylon  
  77  8:35  Pylon  
  77  8:37  Probe (Chrono Boost)  
  81  8:41  Probe x2 (Chrono Boost)  
  81  8:50  Gateway  
  81  9:08  Pylon  
  81  9:10  Gateway x2  
  81  9:15  Gateway  
  81  9:16  Gateway  
  81  9:18  Gateway  
  81  9:20  Gateway  
  81  9:22  Gateway, Assimilator  
  81  9:24  Gateway  
  81  9:27  Assimilator  
  83  9:40  Probe x2 (Chrono Boost)  
  83  10:05  Probe (Chrono Boost)  
  84  10:10  Probe (Chrono Boost)  
  84  10:11  Probe (Chrono Boost)  
  84  10:16  Probe (Chrono Boost)  
  87  10:20  Zealot x2  
  87  10:24  Zealot x4  
  97  10:40  Colossus  
  97  10:41  Colossus  
  97  10:49  Pylon  
  108  10:54  Pylon  
  108  10:58  Pylon, Zealot x2  
  112  11:07  Pylon  
  109  11:13  Extended Thermal Lance  
  109  11:18  Twilight Council  
  109  11:23  Warp Gate  
  109  11:30  Robotics Bay  
  109  11:36  Probe (Chrono Boost)  
  113  11:40  Probe x3 (Chrono Boost)  
  113  11:50  Twilight Council  
  113  11:52  Twilight Council  
  113  11:54  Warp Prism  
  113  11:57  Probe (Chrono Boost)  
  116  12:18  Colossus  
  116  12:22  Colossus  
  128  13:00  Dark Shrine  
  128  13:05  Templar Archives  
  128  13:46  Colossus x2  
  128  14:05  Gravitic Drive  
  140  14:11  Gravitic Boosters  
  140  14:34  Fleet Beacon  
  140  14:45  Robotics Facility  
  140  14:49  Robotics Facility  
  140  14:50  Robotics Facility  
  140  14:54  Colossus x2  
  152  15:22  Stalker x8  
  152  15:23  Stalker  
  170  15:35  Colossus  
  170  15:36  Colossus, Charge  
  170  15:49  Forge  
  170  15:51  Forge  
  170  15:52  Forge  
  170  15:58  Colossus  
  188  16:07  Blink  
  188  16:17  Protoss Ground Armor Level 1  
  188  16:18  Protoss Shields Level 1  
  188  16:19  Nexus  
  188  16:21  Nexus x2  
  188  16:27  Nexus  
  188  16:34  Protoss Ground Weapons Level 1  
  188  16:37  Unknown  
  188  16:42  Colossus  
  188  16:43  Colossus  
  200  16:57  Psionic Storm  
  200  17:36  Nexus  
  200  17:39  Nexus  
  200  17:43  Nexus  
  200  17:47  Nexus  
  200  17:51  Nexus  
  200  17:56  Nexus  
  198  18:46  Protoss Shields Level 2, Protoss Ground Weapons Level 2, Protoss Ground Armor Level 2  
  198  19:18  Unknown  
  196  21:24  Phoenix x2  
  200  21:41  Protoss Ground Weapons Level 3  
  200  21:42  Protoss Shields Level 3  
  200  21:43  Protoss Ground Armor Level 3  
  200  23:54  Assimilator, Nexus  
  200  23:55  Assimilator  
  200  23:56  Pylon  
  188  24:03  Pylon  
Tags
 
League
Master
Matchup
Co-op
Replay Pack
Myownreplay2
Add a new tag
Caveats
  • Supply blocks, unpowered buildings, or Contaminate may cause inaccurate times.
  • Supply counts are checked every 10 seconds.